Map: Vereister Tempel

Players

TaneshShalay - Winner!

  • Race: Terran Terran
  • League: Master

Kitesurfer

  • Race: Terran Terran
  • League: Gold

VOD

Have the link to the VOD?

Description

Time

  • Played on: June 4, 2016, 1:56 p.m.
  • Length: 19:42
Show
View Real Time Build Order
Export as new Build Order

TaneshShalay Terran - Winner!

Build Orders: Command Center First (CC), MMM Bio 

Get SALT Encoding   

  12  0:01  SCV  
  13  0:13  SCV  
  14  0:18  Supply Depot  
  14  0:25  SCV  
  15  0:39  SCV  
  16  0:51  SCV  
  17  1:03  Command Center  
  17  1:05  SCV  
  18  1:17  Barracks  
  18  1:21  SCV  
  19  1:30  Barracks  
  19  1:41  Barracks  
  19  1:44  SCV  
  20  1:53  Refinery  
  20  1:56  SCV  
  21  2:04  Marine  
  21  2:08  SCV  
  23  2:15  Orbital Command  
  23  2:21  Marine  
  23  2:22  Marine  
  25  2:29  Marine  
  26  2:31  Refinery  
  26  2:35  Orbital Command  
  26  2:39  Marine x2  
  28  2:45  Orbital Command  
  28  2:47  Marine  
  29  2:57  Marine  
  30  3:01  Barracks Tech Lab  
  30  3:02  Supply Depot  
  30  3:03  SCV  
  31  3:11  Marine  
  32  3:15  Marine, SCV x2  
  32  3:19  Stimpack  
  35  3:27  Marine, SCV  
  35  3:28  SCV  
  38  3:36  Supply Depot  
  38  3:39  SCV  
  38  3:40  SCV  
  40  3:42  Barracks Reactor  
  40  3:43  Barracks Reactor  
  40  3:48  Factory  
  40  3:51  SCV  
  40  3:52  SCV  
  42  3:56  Supply Depot  
  42  4:02  Supply Depot  
  42  4:03  SCV  
  42  4:04  Marine, SCV  
  45  4:15  SCV  
  45  4:16  SCV  
  47  4:22  Marine, Supply Depot  
  48  4:25  Marine x2  
  48  4:28  SCV x2  
  51  4:35  Factory Tech Lab  
  51  4:40  Starport  
  51  4:41  Orbital Command  
  51  4:46  Marine x4, Marauder  
  56  4:53  Siege Tank  
  56  4:55  Supply Depot  
  59  5:13  Supply Depot x2  
  59  5:15  Supply Depot  
  56  5:25  Supply Depot  
  56  5:35  Marine x3, Viking  
  61  5:42  Barracks  
  61  5:48  Marine  
  61  5:53  Marine x3  
  46  6:13  Marine  
  46  6:14  Siege Tank  
  50  6:21  Marine  
  49  6:27  Barracks, Orbital Command  
  49  6:31  Marine  
  49  6:32  Starport Reactor  
  48  6:57  Liberator x2, Factory Tech Lab, Barracks Reactor  
  48  7:04  SCV  
  55  7:16  SCV, Barracks Tech Lab  
  56  7:28  SCV  
  52  7:40  Liberator x2, SCV  
  49  7:49  Siege Tank  
  52  7:52  SCV  
  58  8:04  SCV  
  58  8:13  Marine x2, Combat Shields  
  58  8:14  Marine  
  58  8:15  Command Center  
  58  8:19  SCV  
  62  8:31  SCV, Engineering Bay x2  
  63  8:42  Marine x3  
  63  8:44  SCV  
  67  8:53  Command Center  
  67  8:55  Siege Tank  
  70  8:59  Orbital Command  
  70  9:06  Terran Infantry Weapons Level 1  
  71  9:10  SCV  
  71  9:11  Marine x3  
  71  9:12  Refinery  
  71  9:14  Refinery  
  74  9:22  SCV  
  75  9:26  Orbital Command  
  75  9:29  Marine x3  
  78  9:31  Refinery x2  
  78  9:34  SCV  
  79  9:44  SCV  
  80  9:46  SCV  
  80  9:52  Marauder  
  83  9:56  SCV  
  83  9:58  SCV  
  85  10:07  Marine x2  
  85  10:09  SCV  
  85  10:11  Armory  
  85  10:13  Marine  
  85  10:14  Orbital Command  
  89  10:18  Barracks  
  89  10:22  Terran Infantry Armor Level 1  
  89  10:24  Marine, Orbital Command  
  90  10:34  Siege Tank  
  90  10:35  Refinery  
  93  10:36  Refinery  
  93  10:39  SCV  
  94  10:47  Marine x3  
  97  10:51  SCV  
  97  10:53  SCV  
  97  10:55  SCV  
  100  10:59  SCV  
  100  11:04  SCV  
  102  11:05  Marine, SCV  
  102  11:06  Medivac x2  
  102  11:07  Terran Infantry Weapons Level 2  
  108  11:12  Supply Depot  
  108  11:15  Supply Depot x2  
  108  11:24  Terran Vehicle Weapons Level 1  
  108  11:30  Supply Depot x2  
  108  11:34  SCV x2  
  108  11:35  Supply Depot  
  108  11:37  Barracks Reactor  
  110  11:40  Medivac x2  
  110  11:44  Command Center  
  110  11:46  SCV  
  115  11:50  Marine x3  
  118  11:56  Barracks  
  118  11:59  Supply Depot  
  118  12:00  Factory  
  118  12:07  Marine  
  118  12:08  Marine, Marauder  
  120  12:20  Liberator  
  120  12:21  Liberator  
  120  12:25  Marine  
  123  12:30  Marauder  
  123  12:38  Marine  
  123  12:39  Marine x2  
  123  12:43  Marine  
  128  12:51  Marine  
  124  12:56  Marine x2  
  124  12:57  Marine  
  127  13:01  Marine  
  127  13:05  Barracks Reactor  
  128  13:07  Orbital Command  
  128  13:08  Marine  
  128  13:09  SCV  
  128  13:14  Marine x3  
  125  13:21  SCV  
  118  13:31  Marine x2  
  118  13:32  Marine x3  
  118  13:33  SCV  
  120  13:44  SCV  
  121  13:49  Marine x2  
  121  13:52  Planetary Fortress  
  123  13:55  SCV  
  123  13:56  SCV x2  
  123  13:57  SCV  
  127  14:08  SCV x2  
  127  14:09  SCV  
  118  14:11  Terran Infantry Weapons Level 3, Terran Infantry Armor Level 2  
  84  14:32  Marine x3  
  84  14:33  Marine x4  
  84  14:37  SCV  
  85  14:49  SCV  
  85  14:50  Marine x3  
  85  14:51  Marine x4  
  90  14:58  Terran Vehicle Weapons Level 2  
  84  15:01  SCV  
  84  15:03  Barracks  
  84  15:04  SCV x3  
  84  15:05  Barracks  
  85  15:08  Barracks x3, Marine x3  
  85  15:09  Barracks, SCV  
  85  15:10  Barracks, Refinery  
  85  15:14  SCV  
  88  15:16  SCV, Medivac x2  
  88  15:17  Siege Tank  
  88  15:18  Factory Tech Lab  
  96  15:26  SCV  
  97  15:31  SCV  
  97  15:33  Command Center  
  97  15:34  Missile Turret  
  96  15:43  SCV  
  96  15:46  Medivac  
  89  15:50  Siege Tank  
  89  15:51  Marine  
  89  15:52  Marine x6  
  89  15:55  SCV  
  90  16:03  Marine x3  
  90  16:06  Marine x2  
  90  16:07  Marine  
  90  16:08  Viking  
  90  16:09  Marine x3  
  90  16:10  Marine x4  
  101  16:16  Viking, Siege Tank  
  106  16:21  Marine x3  
  106  16:22  Siege Tank  
  106  16:24  Marine  
  106  16:25  Starport  
  114  16:26  Starport  
  114  16:27  Marine x4  
  114  16:28  Marine x3  
  118  16:38  Viking  
  115  16:46  Viking  
  117  16:48  Siege Tank  
  117  16:49  Marine x2  
  117  16:50  Marine x7  
  117  16:51  Marine x3  
  130  17:07  Marine x2, Viking x2  
  130  17:08  Viking  
  130  17:16  Viking  
  130  17:31  SCV  
  130  17:33  Refinery  
  130  17:34  Refinery  
  130  17:37  Marine, Viking x2  
  130  17:38  Marine x7, Marauder, Viking  
  130  17:39  Marine x2  
  130  17:43  SCV  
  142  17:59  Marauder  
  142  18:01  Marine x6  
  142  18:02  Marine x5  
  151  18:14  Viking x4  
  151  18:19  Marine x5  
  164  18:21  Supply Depot x2  
  164  18:24  Supply Depot  
  164  18:25  Supply Depot  
  164  18:42  Marine x6, Command Center  
  164  18:43  Marine, Marauder  
  164  18:44  Viking  
  175  19:04  Marauder  
  177  19:11  Marine x6  
  173  19:35  Barracks Reactor  
Show
View Real Time Build Order
Export as new Build Order

Kitesurfer Terran 

Build Orders: Liberator Opening 

Get SALT Encoding   

  12  0:01  SCV  
  13  0:13  SCV  
  14  0:22  Supply Depot  
  14  0:25  SCV  
  15  0:33  Refinery  
  15  0:44  SCV  
  16  0:54  Barracks  
  16  0:56  SCV  
  17  1:02  Refinery  
  17  1:08  SCV  
  18  1:20  SCV  
  19  1:32  SCV  
  20  1:41  Barracks Tech Lab  
  20  1:44  SCV  
  20  1:45  Factory  
  21  1:54  Supply Depot  
  21  2:00  Orbital Command  
  21  2:12  Barracks Reactor  
  21  2:26  SCV  
  22  2:34  Starport  
  22  2:38  Siege Tank  
  25  2:44  SCV  
  25  2:49  Marine x2  
  28  2:51  Supply Depot  
  28  2:56  SCV  
  29  3:07  Marine x2, Supply Depot  
  31  3:13  SCV, Siege Tank  
  31  3:19  Liberator  
  35  3:24  Marine  
  35  3:25  Marine, SCV  
  41  3:41  SCV  
  41  3:42  Marine  
  41  3:43  Marine  
  44  3:59  Siege Tank  
  47  4:06  Command Center  
  47  4:11  Supply Depot  
  47  4:21  Supply Depot  
  47  4:32  Marine x2  
  47  4:34  Siege Tank  
  52  5:12  Marine  
  52  5:25  Marine  
  52  5:26  Siege Tank  
  56  5:30  Marine  
  56  5:34  Refinery  
  57  5:47  Liberator  
  54  5:58  Refinery, Siege Tank  
  57  6:23  Marine x2  
  59  6:30  Siege Tank  
  62  6:41  Marine x2  
  64  6:51  Viking  
  64  6:53  Orbital Command  
  66  6:59  Marine x2  
  66  7:00  SCV  
  69  7:05  Command Center  
  69  7:12  SCV  
  70  7:17  Marine x2  
  70  7:21  Viking  
  65  7:30  Siege Tank  
  65  7:34  Marine  
  65  7:35  Marine  
  67  7:51  Viking  
  69  7:52  Marine x2  
  69  7:57  SCV  
  69  7:58  SCV  
  73  8:02  Siege Tank  
  74  8:09  SCV  
  74  8:10  Marine x2  
  65  8:19  Refinery  
  64  8:21  Viking  
  66  8:28  Marine x2  
  68  8:44  Armory, Orbital Command  
  68  8:46  Marine x2  
  68  8:48  SCV x2  
  72  8:51  Viking  
  74  9:04  Marine x2  
  74  9:07  Starport  
  76  9:21  Marine, Viking  
  76  9:22  Marine  
  80  9:25  Engineering Bay  
  80  9:30  SCV  
  80  9:31  SCV x2  
  83  9:39  Marine x2  
  83  9:43  SCV x2  
  87  9:45  Starport Tech Lab  
  87  9:50  Factory  
  87  9:56  Fusion Core  
  87  9:57  Marine x2  
  89  10:00  Terran Vehicle Weapons Level 1  
  89  10:15  Starport Reactor  
  89  10:19  Missile Turret  
  89  10:22  Missile Turret  
  89  10:25  Missile Turret  
  89  10:36  Missile Turret  
  89  10:38  Missile Turret  
  89  10:43  Factory Tech Lab  
  89  10:44  Liberator  
  89  10:55  Missile Turret  
  92  11:11  SCV  
  92  11:17  Refinery  
  93  11:19  Supply Depot  
  93  11:20  Supply Depot  
  93  11:22  Supply Depot  
  93  11:24  Liberator x2  
  93  11:27  Liberator  
  93  11:39  Armory  
  93  11:41  Thor, SCV x2  
  93  11:42  SCV  
  111  11:53  SCV  
  112  11:55  Advanced Ballistics  
  112  12:00  Thor  
  118  12:06  Liberator x2  
  118  12:10  Liberator  
  78  14:02  Supply Depot x3  
  78  14:05  Supply Depot  
  78  14:06  Supply Depot  
  78  14:09  Supply Depot  
  51  14:24  Thor, SCV x3  
  53  14:25  Thor  
  60  14:36  SCV x3  
  60  14:37  Liberator  
  52  14:48  SCV x3  
  50  15:00  SCV x3  
  50  15:07  Thor, Liberator  
  52  15:08  Thor  
  52  15:12  SCV x2  
  52  15:13  SCV  
  67  15:24  SCV x2  
  67  15:26  SCV  
  73  15:36  SCV  
  73  15:37  SCV  
  73  15:38  SCV  
  76  15:51  Thor  
  76  16:06  Marine  
  77  16:15  Marine  
  77  16:37  Thor  
  77  17:10  Marine x2  
  77  17:15  Thor  
  73  17:23  Thor  
  73  17:28  Marine x2  
  67  17:45  Refinery  
  67  17:46  Marine x2  
  67  17:47  Command Center  
  67  17:48  Refinery  
  55  17:58  Siege Tank  
  50  18:04  Marine x2  
  49  18:06  Siege Tank  
  48  18:29  Command Center  
  48  18:30  Command Center  
  48  18:32  Supply Depot  
  48  18:37  Command Center  
  48  18:39  Marine  
  48  18:40  Marine, Siege Tank x2  
  56  18:42  Supply Depot  
  53  18:56  Supply Depot  
  53  18:57  Marine  
  43  19:18  Supply Depot  
Tags
 
Add a new tag
Caveats
  • Supply blocks, unpowered buildings, or Contaminate may cause inaccurate times.
  • Supply counts are checked every 10 seconds.